 Dungeon Crawl Stone Soup version 0.28.0-47-ge53b351184 (webtiles) character file.

Game seed: 8184117357327862681

5320 101zpm the Thaumaturge (level 10, -20/56 HPs)
             Began as a Djinni Fire Elementalist on May 7, 2022.
             Was a Follower of Hepliaklqana.
             Demolished by an ogre
             ... wielding a +0 giant club
             ... led by an orc warlord
              (24 damage)
             ... on level 9 of the Dungeon.
             The game lasted 00:27:09 (13653 turns).

101zpm the Thaumaturge (Djinni Fire Elementalist)  Turns: 13653, Time: 00:27:10

Health: -20/56     AC:  8    Str: 13    XL:     10   Next: 95%
Gold:   470        EV: 12    Int: 17    God:    Hepliaklqana [*.....] SH:  0 Dex: 14

rFire   + + +      SeeInvis .   B - +5 dagger of Wibrekk {drain, +Blink rF+ Will+ Int-4}
rCold   x . .      Faith    .   (no shield)
rNeg    . . .      Spirit   .   F - +3 leather armour
rPois   ∞          Reflect  .   C - +0 helmet
rElec   .          Harm     .   w - +0 cloak
rCorr   .          Rampage  .   (no gloves)
Will    ++...                   (boots unavailable)
Stlth   ++........              (no amulet)
HPRegen 0.18/turn               d - +6 ring of strength
MPRegen 0.00/turn               (no ring)

@: flying
A: reduced essence, sickness immunity, fire resistance 2, cold vulnerability 1,
float, innate caster, HP casting, extra vitality 1
a: Renounce Religion, Evoke Blink, Recall Ancestor, Ancestor Identity


You were on level 9 of the Dungeon.
You worshipped Hepliaklqana.
Hepliaklqana was aware of your devotion.
You visited 3 branches of the dungeon, and saw 11 of its levels.

You collected 470 gold pieces.

Inventory:

Hand Weapons
 x - the +7 arbalest "Datayj" {flame, rC+}
   (You found it on level 7 of the Dungeon)

   Any ammunition fired from it burns those it strikes, dealing additional fire
   damage.
   rC:        It protects you from cold.
 A - a +1 long sword of holy wrath
 B - the +5 dagger of Wibrekk (weapon) {drain, +Blink rF+ Will+ Int-4}
   (You found it on level 2 of the Dungeon)

   A truly terrible weapon, it drains the life of any living foe it strikes.
   Int:       It affects your intelligence (-4).
   rF:        It protects you from fire.
   +Blink:    It lets you blink.
   Will:      It increases your willpower.
 P - the +2 falchion "Gram" {vorpal, Fragile rElec Will+++ Str-3}
   (You found it on level 9 of the Dungeon)

   It inflicts extra damage upon your enemies.
   Str:       It affects your strength (-3).
   rElec:     It insulates you from electricity.
   Fragile:   It will be destroyed if unequipped.
   Will:      It greatly increases your willpower.
Missiles
 n - 343 stones
 y - 2 javelins
Armour
 w - a +0 cloak (worn)
 C - a +0 helmet (worn)
 F - a +3 leather armour (worn)
Jewellery
 d - a +6 ring of strength (left hand)
 D - a ring of protection from cold
 H - an amulet of reflection
 M - a +4 ring of evasion
 O - a ring of ice
Wands
 t - a wand of flame (26)
 E - a wand of iceblast (18)
 G - a wand of polymorph (10)
 J - a wand of digging (2)
 N - a wand of acid (5)
Scrolls
 b - 2 scrolls of vulnerability {unknown}
 c - 7 scrolls of immolation {unknown}
 g - 3 scrolls of fear {unknown}
 i - 3 scrolls of amnesia {unknown}
 k - 2 scrolls of teleportation {unknown}
 o - 3 scrolls of identify {unknown}
 q - 3 scrolls of enchant armour {unknown}
 r - a scroll of noise {unknown}
 u - a scroll of magic mapping {unknown}
 z - 3 scrolls of fog {unknown}
 K - 2 scrolls of blinking {unknown}
Potions
 e - a potion of mutation {unknown}
 f - 9 potions of curing {unknown}
 h - a potion of cancellation {unknown}
 j - 3 potions of brilliance {unknown}
 l - 2 potions of berserk rage {unknown}
 m - a potion of flight {unknown}
 p - a potion of attraction {unknown}
 s - a potion of might {unknown}
 v - 4 potions of lignification {unknown}
 I - a potion of degeneration {unknown}
 L - a potion of heal wounds {unknown}


   Skills:
 + Level 1.4 Fighting
 + Level 2.3 Armour
 + Level 2.5 Dodging
 + Level 3.7 Stealth
 + Level 11.5 Spellcasting


You had 9 spell levels left.
You knew the following spells:

 Your Spells              Type           Power      Damage    Failure   Level
a - Foxfire               Conj/Fire      100%       2x1d9     1%          1
b - Scorch                Fire           98%        2d10      1%          2
c - Conjure Flame         Conj/Fire      49%        6-21      1%          3
d - Inner Flame           Hex/Fire       49%        N/A       1%          3
e - Flame Wave            Conj/Fire      49%        2d10      1%          4
f - Sandblast             Erth           98%        2d20      1%          1
g - Wereblood             Tmut           49%        N/A       1%          2
h - Lesser Beckoning      Tloc           49%        N/A       1%          3
i - Iskenderun's Mystic   Conj/Tloc      49%        2d11      1%          4
Your spell library was empty.

Dungeon Overview and Level Annotations

Branches:
Dungeon (9/15)             Temple (1/1) D:7             Orc (1/2) D:9
   Lair: D:8-11

Altars:
Ashenzari
Cheibriados
Dithmenos
Elyvilon
Fedhas
Gozag
Hepliaklqana
Kikubaaqudgha
Makhleb
Nemelex Xobeh
Okawaru
Qazlal
Ru
Sif Muna
Trog
Uskayaw
Vehumet
Wu Jian
Xom
Yredelemnul
Zin
The Shining One

Shops:
D:1 :!**

Annotations:
D:9 3 runed translucent doors, 101zpm's ghost, novice DjFE


Innate Abilities, Weirdness & Mutations

Your life essence is reduced to manifest your ancestor. (-10% HP)
You are immune to sickness and miasma.
You are immune to poison.
Your flesh is very heat resistant. (rF++)
You are vulnerable to cold. (rC-)
You float through the air rather than walking.
You learn spells naturally, not from books.
Your magical power is your life essence.
You have superior vitality. (+4 MHP)


Message History

The fiery explosion engulfs something!!
Reactivating autopickup.
You feel a bit more experienced. Cenhelm avoids your attack.
The fiery explosion engulfs the orc wizard!!!
The orc wizard is burned terribly!
You kill the orc wizard!
You hear a howl!
You hear a shout! x3; You hear a howl!
You hear a shout! x2
You hear a howl!
An orc comes into view. It is wielding a +0 club.
A warg comes into view.
An ogre comes into view. It is wielding a +0 giant club.
You fly upwards.
Welcome back to the Dungeon!
Level annotation: 3 runed translucent doors, 101zpm's ghost, novice DjFE
There is a staircase to the Orcish Mines here.
You start resting.
HP restored.
You fly downwards.
Welcome back to the Orcish Mines!
The warg bites you! x2
The ogre closely misses you.
There is a staircase back to the Dungeon here.
The warg misses you.
Cenhelm hits the warg!
The ogre hits you with a +0 giant club!!
You fly upwards.
Welcome back to the Dungeon!
Level annotation: 3 runed translucent doors, 101zpm's ghost, novice DjFE
There is a staircase to the Orcish Mines here.
Casting: Scorch (safe; 1% risk of failure)
Confirm with . or Enter, or press ? or * to list all spells.
Casting: Flame Wave (dangerous; 1% risk of failure)
Press: ? - help, Dir - look around, f - activate A wave of flame ripples out!
The flame wave engulfs the ogre.
The ogre is lightly wounded.
The flame wave engulfs the warg!
The warg is heavily wounded. (Press . to intensify the flame waves.)
* * * LOW HITPOINT WARNING * * *
The warg bites you.
* * * LOW HITPOINT WARNING * * *
The warg bites you.
* * * LOW HITPOINT WARNING * * *
The ogre hits you with a +0 giant club!!
You die...

..)..# #.##..# ###'#######
..).)##########.##..###.........#
)()..)..........##...##.........#
≈<...####.......##.#.##..≈≈.....#
.....# #.#####.##.#..#.........#
>###### #.#####.##.#..#.........#
##.⌠.$###.##......<#..#.........#
.#....8##.##.##.##.#..###'#######
.#W....!#.##.##.@O.........#
.+......#....####h.#...##..#
.+.....⌠###### ##.#...##..#
.+...... #########.##..##..#
.#...... #.................#
.#....8# #.......#≈≈≈≈≈##.##
##.⌠P=## #........≈###≈##.# #####
#........≈≈≈≈≈.#.#
#########≈≈#≈≈.#.#


You could see a warg and an ogre.

Vanquished Creatures
  Maurice (D:8)
  Maggie (D:9)
  Psyche (D:9)
  A troll (D:9)
  A hornet (D:9)
  2 wyverns
  Eustachio (D:5)
  A steam dragon (D:8)
  2 water moccasins
  An ice beast (D:7)
  3 orc warriors
  2 black bears
  7 necrophages
  2 centaurs (D:7)
  2 phantoms
  2 kobold brigands
  2 bullfrogs (D:7)
  3 scorpions
  A wyvern zombie (D:8)
  A killer bee (D:9)
  4 wights (D:8)
  An electric eel (D:9)
  2 howler monkeys
  5 centaur zombies
  A jelly (D:5)
  2 orc priests
  2 hounds
  3 centaur skeletons
  Jessica (D:2)
  An iguana (D:6)
  9 orc wizards
  A mummy (D:8)
  2 hound skeletons (D:5)
  Robin (D:2)
  2 howler monkey zombies
  7 adders
  A shadow imp (D:6)
  A white imp (D:6)
  An adder skeleton (D:4)
  2 worms
  4 dart slugs
  23 orcs
  2 bats
  2 endoplasms (D:2)
  2 giant cockroaches
  13 goblins
  6 hobgoblins
  2 jackals (D:1)
  2 quokkas
  7 ball pythons
  10 frilled lizards
  14 kobolds
  5 rats
178 creatures vanquished.

Vanquished Creatures (collateral kills)
  A wight (D:8)
  12 foxfires
13 creatures vanquished.

Vanquished Creatures (others)
  861 foxfires
  7 withered plants
868 creatures vanquished.

Grand Total: 1059 creatures vanquished

Notes
Turn   | Place    | Note
-------+----------+-------------------------------------------
     0 | D:1      | 101zpm the Djinni Fire Elementalist began the quest for the
                  | Orb.
     0 | D:1      | Reached XP level 1. HP: 15/15 MP: 0/0
   260 | D:2      | Reached XP level 2. HP: 13/21 MP: 0/0
   634 | D:2      | Reached skill level 3 in Spellcasting
   770 | D:2      | Noticed Jessica
   781 | D:2      | Killed Jessica
   782 | D:2      | Reached XP level 3. HP: 20/25 MP: 0/0
   782 | D:2      | Learned a level 1 spell: Sandblast
  1139 | D:2      | Reached XP level 4. HP: 27/31 MP: 0/0
  1628 | D:2      | Noticed Robin
  1903 | D:1      | Found Itygrid's Assorted Antiques.
  2068 | D:1      | Found a faded altar of an unknown god.
  2087 | D:1      | Found Ruacviy's General Store.
  2306 | D:1      | Found Cuaf Boz's Distillery.
  2636 | D:1      | Found Gaker's Book Shoppe.
  3174 | D:2      | Killed Robin
  3175 | D:2      | Reached XP level 5. HP: 20/35 MP: 0/0
  3175 | D:2      | Learned a level 2 spell: Wereblood
  3178 | D:2      | Reached skill level 4 in Spellcasting
  4408 | D:4      | Reached XP level 6. HP: 23/40 MP: 0/0
  4752 | D:4      | Reached skill level 5 in Spellcasting
  5428 | D:4      | Noticed a necrophage
  5433 | D:4      | Killed a necrophage
  5434 | D:4      | Reached XP level 7. HP: 13/45 MP: 0/0
  5434 | D:4      | Learned a level 3 spell: Lesser Beckoning
  6132 | D:5      | Entered Level 5 of the Dungeon
  6619 | D:5      | Noticed a wyvern
  6623 | D:5      | Killed a wyvern
  6624 | D:5      | Reached skill level 6 in Spellcasting
  6657 | D:5      | Reached XP level 8. HP: 45/50 MP: 0/0
  6687 | D:5      | Noticed Eustachio
  6692 | D:5      | Killed Eustachio
  7067 | D:5      | Reached skill level 7 in Spellcasting
  7871 | D:7      | Reached skill level 8 in Spellcasting
  7897 | D:7      | Reached XP level 9. HP: 19/55 MP: 0/0
  7897 | D:7      | Learned a level 4 spell: Iskenderun's Mystic Blast
  8166 | D:7      | Found a staircase to the Ecumenical Temple.
  8177 | D:7      | Identified the +7 arbalest "Datayj" {flame, rC+}
  8213 | Temple   | Entered the Ecumenical Temple
  8716 | D:2      | Identified the +5 dagger of Wibrekk {drain, +Blink rF+
                  | Will+ Int-4}
  9258 | D:6      | Reached skill level 9 in Spellcasting
  9901 | D:6      | Found a hide-covered altar of Uskayaw.
 10216 | Temple   | Became a worshipper of Hepliaklqana the Forgotten
 10265 | D:8      | Noticed Maurice
 10274 | D:8      | Killed Maurice
 10619 | D:8      | Reached XP level 10. HP: 55/60 MP: 0/0
 10655 | D:8      | Reached skill level 10 in Spellcasting
 10840 | D:8      | Reached skill level 1 in Fighting
 11337 | D:7      | Reached * piety under Hepliaklqana
 12469 | D:9      | Found a staircase to the Orcish Mines.
 12534 | D:9      | Reached skill level 1 in Armour
 12674 | D:9      | Noticed Maggie
 12683 | D:9      | Killed Maggie
 12683 | D:9      | Killed Psyche
 12684 | D:9      | Reached skill level 11 in Spellcasting
 13221 | D:9      | Found a runed translucent gate.
 13226 | D:9      | Found a runed translucent gate.
 13226 | D:9      | Found a runed translucent gate.
 13226 | D:9      | Noticed 101zpm's ghost (novice DjFE)
 13232 | D:9      | Noticed 101zpm's ghost (novice DjFE)
 13440 | D:9      | Identified the +2 falchion "Gram" {vorpal, Fragile rElec
                  | Will+++ Str-3}
 13482 | Orc:1    | Entered Level 1 of the Orcish Mines
 13653 | D:9      | Demolished by an ogre

Illustrated notes

Levels and vault maps discovered:
D:1:      giann_bridges, layout_rooms, hellmonk_ecumenical_altar_lost_god,
          serial_shops, nicolae_shop_trees, shop_statue,
          nicolae_shop_overgrown_old_shop, nicolae_diamond_shop,
          serial_bayou_pond_e
D:2:      layout_basic, chequers_mini_garden, hangedman_abyss_or_decor_stabs,
          minmay_misc_feat_tiny, minmay_lizard_pond, uniq_robin, uniq_jessica
D:3:      layout_basic
D:4:      layout_cave_pools
D:5:      lemuel_ice_spiral_2, layout_basic, minmay_fractal_squares_5,
          uniq_eustachio
D:6:      layout_loops_ring, nicolae_uskayaw_dance_studio
D:7:      layout_gridville, minmay_temple_entry_mini_moons
D:8:      layout_loops_ring, serial_undead, serial_undead_e, serial_undead_f,
          serial_undead_b, serial_undead_a, serial_undead_c, serial_undead_c,
          minivault_25, minivault_25, uniq_maurice
D:9:      layout_basic, orc_0_dummy, gammafunk_ghost_cemetery,
          minmay_crystal_water, st_stairs_2, uniq_maggie, uniq_psyche
Temple:   regret_index_temple_sigil_plot
Orc:1:    layout_caves, basic_altar, mines_bat_river

Skill      XL: |  1  2  3  4  5  6  7  8  9 10 |
---------------+-------------------------------+-----
Spellcasting   | 3 4 5 6 8 9 11 | 11.5
Stealth        | 2 3 |  3.7
Fighting       | 1 |  1.4
Armour         | 2 |  2.3
Dodging        | |  2.5

Action                   |  1- 3 |  4- 6 |  7- 9 | 10-12 || total
-------------------------+-------+-------+-------+-------++-------
 Cast: Foxfire           |    50 |   200 |   166 |   131 ||   547
       Scorch            |       |    23 |    38 |    19 ||    80
       Inner Flame       |       |    23 |    47 |    33 ||   103
       Wereblood         |       |     1 |       |     1 ||     2
       Conjure Flame     |       |       |     3 |     1 ||     4
       Flame Wave        |       |       |       |     1 ||     1
Armor: Robe              |     2 |     1 |     1 |       ||     4
Dodge: Dodged            |     3 |     7 |     5 |     8 ||    23
